 Dungeon Crawl Stone Soup version 0.18.1-8-gdd0e5ea (webtiles) character file.

1141 georgeearnest the Ducker (level 8, -1/67 HPs)
             Began as a Mottled Draconian Skald on May 22, 2016.
             Was a Follower of Fedhas.
             Succumbed to a soldier ant's poison
             ... on level 10 of the Dungeon.
             The game lasted 00:19:12 (4206 turns).

georgeearnest the Ducker (Mottled Draconian Skald)  Turns: 4206, Time: 00:19:12

Health: -1/67      AC:  9    Str: 20 (21) XL:     8   Next: 14%
Magic:  12/12      EV: 13    Int: 16 (18) God:    Fedhas [*.....]
Gold:   217        SH:  0    Dex:  8 (11) Spells: 4 memorised, 4 levels left

rFire  . . .     SeeInvis .     c - +0 glaive (vamp)
rCold  . . .     Gourm    .     (armour unavailable)
rNeg   . . .     Faith    .     (shield currently unavailable)
rPois  .         Spirit   .     (helmet restricted)
rElec  .         Dismiss  .     r - +0 cloak
rCorr  .         Reflect  .     l - +0 pair of gloves
SustAt .         Harm     .     m - +0 pair of boots (curse)
MR     .....                    n - amulet of regeneration
Stlth  +.........               (no ring)
                                g - +3 ring of strength

@: brilliant, lethally poisoned (-1 -> -11), short of breath, flying, not
resistant to hostile enchantments, very unstealthy
A: breathe sticky flame splash, unfitting armour, horns 1, strong 1,
cold-blooded, AC +6
a: Breathe Sticky Flame, Evolution, Renounce Religion


You were on level 10 of the Dungeon.
You worshipped Fedhas.
Fedhas was aware of your devotion.
You were near starving.

You visited 1 branch of the dungeon, and saw 8 of its levels.

You collected 217 gold pieces.

Inventory:

Hand Weapons
 a - a +0 hand axe
 c - a +0 vampiric glaive (weapon)
Armour
 l - a +0 pair of gloves (worn)
 m - a cursed +0 pair of boots (worn)
 r - a +0 cloak (worn)
Jewellery
 g - a +3 ring of strength (left hand)
 k - an uncursed amulet of the gourmand
 n - an amulet of regeneration (around neck)
 x - an uncursed amulet of magic regeneration {unknown}
 y - an uncursed ring of positive energy {unknown}
Wands
 s - a wand of random effects (34/48)
 G - a wand of teleportation (2/9)
 I - a wand of lightning (9/15)
Scrolls
 e - a scroll of vulnerability {unknown}
 h - 3 scrolls of fog {unknown}
 i - a scroll of recharging {unknown}
 j - 3 scrolls of enchant armour {unknown}
 p - 5 scrolls of identify {unknown}
 q - a scroll of amnesia {unknown}
 t - 3 scrolls of remove curse {unknown}
 u - 2 scrolls of random uselessness {unknown}
 v - a scroll of enchant weapon {unknown}
 B - a scroll of immolation {unknown}
 D - a scroll of noise {unknown}
 F - a scroll of teleportation
Potions
 d - a potion of lignification {unknown}
 f - 2 potions of might
 o - a potion of berserk rage {unknown}
 w - a potion of flight
 z - 3 potions of brilliance
 A - 2 potions of degeneration
 C - a potion of agility {unknown}
 H - a potion of ambrosia {unknown}
 J - a potion of mutation
Books
 b - a book of Battle

   Spells                             Type                      Level
   a - Infusion                       Charms                       1
   b - Shroud of Golubria             Charms/Translocation         2
   c - Song of Slaying                Charms                       2
   d - Spectral Weapon                Hexes/Charms                 3
   e - Regeneration                   Charms/Necromancy            3
 E - a book of Misfortune

   Spells                             Type                      Level
   a - Confusing Touch                Hexes                        2
   b - Confuse                        Hexes                        3
   c - Gell's Gravitas                Hexes/Translocation          3
   d - Petrify                        Transmutation/Earth          4
   e - Metabolic Englaciation         Hexes/Ice                    5
   f - Yara's Violent Unravelling     Hexes/Transmutation          5


   Skills:
 + Level 4.6 Fighting
 + Level 3.2(3.7) Axes
 + Level 2.5(3.3) Polearms
 + Level 6.1 Dodging
 + Level 0.8 Stealth
 * Level 3.0 Spellcasting
 * Level 4.1 Charms


You had 4 spell levels left.
You knew the following spells:

 Your Spells              Type           Power        Failure   Level  Hunger
a - Infusion              Chrm           ####         1%          1    #......
b - Song of Slaying       Chrm           ####....     1%          2    ##.....
c - Regeneration          Chrm/Necr      ###.......   3%          3    ###....
d - Spectral Weapon       Hex/Chrm       ###.....     3%          3    ###....


Dungeon Overview and Level Annotations

Branches:
Dungeon (7/15)             Temple (0/1) D:7

Altars:
Ashenzari
Fedhas
Kikubaaqudgha
Makhleb
Okawaru
Qazlal
Ru

Annotations:
D:3 Sigmund
D:5 Edmund; Gagarin's ghost, novice MfMo


Innate Abilities, Weirdness & Mutations

You can spit globs of burning liquid.
You can ignite nearby creatures when you spit burning liquid.
Your weird mottled scales are hard (AC +6).
Your body does not fit into most forms of armour.
You are cold-blooded and may be slowed by cold attacks.
You have a pair of small horns on your head.
Your muscles are strong. (Str +2)


Message History

* * * LOW HITPOINT WARNING * * *
You feel sick. The soldier ant stings you.
* * * LOW HITPOINT WARNING * * *
Drink which item? (? for menu, Esc to quit)
It was a potion of degeneration.
There was something very wrong with that liquid.
You feel weakened.
You feel dopey.
You feel clumsy.
* * * LOW HITPOINT WARNING * * *
You feel sick. The soldier ant completely misses you.
Drink which item? (? for menu, Esc to quit)
It was a potion of mutation.
You feel extremely strange.
You feel stronger. A pair of horns grows on your head!
* * * LOW HITPOINT WARNING * * *
You feel sick. The soldier ant stings you.
* * * LOW HITPOINT WARNING * * *
Drink which item? (? for menu, Esc to quit)
It was a potion of brilliance.
You feel clever all of a sudden.
You die...
Fedhas appreciates your contribution to the ecosystem.

##########
############...(....#
#....@a....>........+
#.#########.........#
#.........#
########'###$.....
#..........# .....
#..........# ....
#..........# ... #..
#..........# .. #.#
#..........# #


You could see a soldier ant.

Vanquished Creatures
  An ice beast (D:6)
  An orc warrior (D:10)
  A sky beast (D:6)
  A big kobold (D:6)
  2 giant frogs
  A scorpion (D:4)
  A howler monkey (D:4)
  2 crimson imps
  5 hounds
  2 orc wizards (D:4)
  A killer bee zombie (D:6)
  5 worker ants
  2 gnolls (D:2)
  6 adders
  A shadow imp (D:6)
  An ooze (D:1)
  An adder zombie (D:5)
  A worm (D:3)
  7 giant geckos
  10 orcs
  3 ball pythons
  A giant cockroach (D:4)
  6 goblins
  A hobgoblin (D:2)
  8 jackals
  2 quokkas
  6 bats
  2 giant newts (D:2)
  A jackal zombie (D:6)
  10 kobolds
  3 rats
95 creatures vanquished.

Vanquished Creatures (others)
  46 toadstools
46 creatures vanquished.

Grand Total: 141 creatures vanquished

Notes
Turn   | Place    | Note
--------------------------------------------------------------
     0 | D:1      | georgeearnest the Draconian Skald began the quest for the Orb.
     0 | D:1      | Reached XP level 1. HP: 17/17 MP: 3/3
   255 | D:1      | Reached XP level 2. HP: 24/24 MP: 5/5
   460 | D:2      | Reached skill level 2 in Dodging
   460 | D:2      | Reached XP level 3. HP: 25/30 MP: 0/6
   494 | D:2      | Found an iron altar of Okawaru.
   679 | D:2      | Reached XP level 4. HP: 37/37 MP: 7/7
   687 | D:2      | Learned a level 2 spell: Song of Slaying
   912 | D:2      | Found an ancient bone altar of Kikubaaqudgha.
   912 | D:2      | Found a blossoming altar of Fedhas.
   922 | D:2      | Became a worshipper of Fedhas Madash
   955 | D:2      | Found a burning altar of Makhleb.
  1055 | D:3      | Noticed Sigmund
  1162 | D:3      | Found a stormy altar of Qazlal.
  1271 | D:4      | Found a shattered altar of Ashenzari.
  1283 | D:4      | Found a sacrificial altar of Ru.
  1409 | D:4      | Reached skill level 3 in Dodging
  1409 | D:4      | Reached XP level 5. HP: 35/45 MP: 8/8
  1692 | D:4      | Reached skill level 4 in Dodging
  1692 | D:4      | Reached XP level 6. HP: 41/51 MP: 9/9
  2076 | D:5      | Entered Level 5 of the Dungeon
  2146 | D:5      | Noticed Edmund
  2156 | D:5      | Noticed Gagarin's ghost (novice MfMo)
  2386 | D:6      | Noticed a sky beast
  2403 | D:6      | Killed a sky beast
  2403 | D:6      | Reached skill level 1 in Polearms
  2403 | D:6      | Reached skill level 5 in Dodging
  2403 | D:6      | Your scales start taking on a weird mottled colour.
  2403 | D:6      | Reached XP level 7. HP: 50/58 MP: 10/10
  2513 | D:6      | Learned a level 3 spell: Regeneration
  2528 | D:6      | Learned a level 3 spell: Spectral Weapon
  3038 | D:6      | Reached * piety under Fedhas
  3738 | D:7      | Found a staircase to the Ecumenical Temple.
  4003 | D:7      | Reached XP level 8. HP: 63/67 MP: 12/12
  4066 | D:7      | Paralysed by fainting for 12 turns
  4085 | D:7      | You fall through a shaft for 3 floors!
  4085 | D:10     | Entered Level 10 of the Dungeon
  4142 | D:10     | Reached skill level 6 in Dodging
  4205 | D:10     | Gained mutation: Your muscles are strong. (Str +2) [potion of mutation]
  4205 | D:10     | Gained mutation: You have a pair of small horns on your head. [potion of mutation]
  4205 | D:10     | HP: 1/67 [soldier ant (3)]
  4206 | D:10     | Succumbed to a soldier ant's poison

Skill      XL: |  1  2  3  4  5  6  7  8 |
---------------+-------------------------+-----
Charms         | 3 4 |  4.1
Dodging        | 2 3 4 5 6 |  6.1
Fighting       | 3 4 |  4.6
Axes           | 3 |  3.2
Polearms       | 1 2 |  2.5
Spellcasting   | 3 |  3.0
Stealth        | |  0.8

Action                   |  1- 3 |  4- 6 |  7- 9 || total
-------------------------+-------+-------+-------++-------
Melee: Hand axe          |    78 |   102 |       ||   180
       Tailslap          |     4 |    31 |    26 ||    61
       Glaive            |       |    86 |   203 ||   289
 Cast: Infusion          |     1 |       |       ||     1
 Abil: Breathe Sticky Fl |       |       |     4 ||     4
  Use: Potion            |       |     8 |     4 ||    12
       Scroll            |       |     2 |       ||     2
  Eat: Meat ration       |       |     1 |     1 ||     2
       Bread ration      |       |     1 |       ||     1
       Pizza             |       |     1 |       ||     1
       Fruit             |       |       |     6 ||     6
Armor: Skin              |    31 |   108 |   127 ||   266
Dodge: Dodged            |    68 |   205 |   269 ||   542
